 Dungeon Crawl Stone Soup version 0.24.0-123-gd5b16e6ec5 (webtiles) character file.

Game seed: 10224214560381656509, levelgen mode: deterministic

6066 Goreval the Grappler (level 10, -6/81 HPs)
             Began as a Grey Draconian Transmuter on Jan 15, 2020.
             Was a High Priest of Okawaru.
             Mangled by a raiju (11 damage)
             ... on level 3 of the Abyss.
             The game lasted 00:33:20 (11883 turns).

Goreval the Grappler (Grey Draconian Transmuter)   Turns: 11883, Time: 00:33:21

Health: -6/81      AC:  5    Str: 13    XL:     10   Next: 57%
Magic:  10/16      EV: 28    Int: 16    God:    Okawaru [*****.]
Gold:   747        SH:  0    Dex: 22    Spells: 4/17 levels left

rFire    . . .     SeeInvis .     - Unarmed
rCold    . . .     Gourm    .   (shield currently unavailable)
rNeg     . . .     Faith    .   (armour unavailable)
rPois    .         Spirit   .   (helmet currently unavailable)
rElec    .         Reflect  .   (cloak currently unavailable)
rCorr    .         Harm     .   (gloves currently unavailable)
MR       .....                  (boots currently unavailable)
Stlth    +++.......             (no amulet)
HPRegen  0.23/turn              E - ring of poison resistance (curse)
MPRegen  0.15/turn              j - +3 ring of protection

@: agile, about to teleport, spider-form
A: tiny, (walk through water), unfitting armour, AC +12
a: End Transformation, Heroism, Finesse, Renounce Religion


You were on level 3 of the Abyss.
You worshipped Okawaru.
Okawaru was extremely pleased with you.
You were near starving.
You were a venomous arachnid creature.
You visited 2 branches of the dungeon, and saw 11 of its levels.
You visited the Abyss 1 time.

You collected 894 gold pieces.
You spent 147 gold pieces at shops.

Inventory:

Missiles
 a - 122 arrows
 d - 272 stones (quivered)
Armour
 z - a +0 pair of gloves (melded)
 B - a +2 hat (melded)
Jewellery
 j - a +3 ring of protection (right front leg)
 q - an uncursed ring of see invisible
 u - an uncursed ring of protection from cold
 E - a cursed ring of poison resistance (left front leg)
Wands
 n - a wand of random effects (15)
 p - a wand of enslavement (5)
 r - a wand of digging (11)
 x - a wand of disintegration (12)
 D - a wand of paralysis (16)
 F - a wand of polymorph (7)
Scrolls
 e - a scroll of magic mapping
 g - 2 scrolls of immolation
 h - 4 scrolls of teleportation
 m - 9 scrolls of remove curse
 t - 3 scrolls of enchant armour
 w - 2 scrolls of amnesia
 y - 2 scrolls of blinking
 C - 2 scrolls of fog {unknown}
 G - a scroll of fear {unknown}
 H - 2 scrolls of identify
 I - a scroll of vulnerability {unknown}
Potions
 b - a potion of lignification
 f - 2 potions of cancellation
 i - a potion of haste
 k - 2 potions of curing {unknown}
 l - 2 potions of brilliance {unknown}
 s - a potion of agility
 v - a potion of mutation {unknown}
 A - a potion of berserk rage {unknown}
 J - 2 potions of resistance {unknown}
Comestibles
 c - 17 rations


   Skills:
 - Level 5.1 Fighting
 + Level 4.3 Dodging
 * Level 10.3 Unarmed Combat
 - Level 4.0 Spellcasting
 + Level 0.1 Charms
 - Level 10.0 Transmutations
 + Level 3.0 Invocations


You had 4 spell levels left.
You knew the following spells:

 Your Spells              Type           Power        Failure   Level  Hunger
a - Beastly Appendage     Tmut           #####.       2%          1    None
b - Spider Form           Tmut/Pois      ###.......   17%         3    ###....
c - Blade Hands           Tmut           #####.....   21%         5    ######.
k - Swiftness             Chrm/Air       #.......     45%         2    ##.....
z - Sticks to Snakes      Tmut           #####...     3%          2    ##.....

Your spell library contained the following spells:

 Spells                   Type           Power        Failure   Level  Hunger
 Infusion                 Chrm           #...         34%         1    None
 Animate Skeleton         Necr           N/A          36%         1    None
 Apportation              Tloc           #.....       36%         1    None
 Confusing Touch          Hex            #.....       36%         1    None
 Shock                    Conj/Air       #...         36%         1    None
 Summon Small Mammal      Summ           #...         36%         1    None
 Ice Form                 Ice/Tmut       ###.....     43%         4    ####...
 Shroud of Golubria       Chrm/Tloc      #.....       45%         2    ##.....
 Song of Slaying          Chrm           #.......     45%         2    ##.....
 Call Imp                 Summ           #.......     47%         2    ##.....
 Regeneration             Chrm/Necr      #.........   65%         3    ###....
 Spectral Weapon          Hex/Chrm       #.......     65%         3    ###....
 Call Canine Familiar     Summ           #.......     67%         3    ###....
 Static Discharge         Conj/Air       #.......     67%         3    ###....
 Summon Guardian Golem    Hex/Summ       #.......     67%         3    ###....
 Airstrike                Air            #.........   95%         4    ####...
 Summon Ice Beast         Ice/Summ       #.......     95%         4    ####...
 Summon Lightning Spire   Summ/Air       #.......     95%         4    ####...
 Lightning Bolt           Conj/Air       #.........   100%        5    ######.


Dungeon Overview and Level Annotations

Branches:
Dungeon (10/15)            Temple (1/1) D:4            Lair (0/6) D:8
    Orc: D:9-12

Altars:
Ashenzari
Cheibriados
Dithmenos
Elyvilon
Fedhas
Gozag
Hepliaklqana
Kikubaaqudgha
Makhleb
Nemelex Xobeh
Okawaru
Qazlal
Ru
Sif Muna
Trog
Uskayaw
Vehumet
Wu Jian
Xom
Yredelemnul
Zin
The Shining One
Beogh
Jiyva

Shops:
D:7 [   D:8 [

Annotations:
D:4 2 transporters


Innate Abilities, Weirdness & Mutations

((You can walk through water.))
((Your dull iron-grey scales are very hard. (AC +12)))
You cannot fit into any form of body armour.
((You can survive without breathing.))
((You are cold-blooded and may be slowed by cold attacks.))


Message History

Your +0 pair of gloves melds into your body.
The raiju bursts into living lightning!
The living lightning misses you. x2; The living lightning misses the raiju.
The raiju blinks! x3
Okay, then.
Okay, then.
Okay, then.
Okay, then.
Okay, then.
You fail to create any snakes.
You are near starving!
The smoke demon gestures at you. Something smites you!
* * * LOW HITPOINT WARNING * * *
The raiju misses you.
Unknown command.
Unknown command.
Okay, then.
The raiju bites you!
You die...

# # # 3.#3
..# .
#####.
#...3..#
.# .3 3.33
..##.#. ##
§. #####
.#. #3
h##. . .#
#. .#h.#
..
###....#§#
..
#3.3##.§ )
#
#.#h##h#§#
.
#.3h#§s§#
...
#.#.####
##h§#..#
### ###


You could see a smoke demon and 2 raiju.

Vanquished Creatures
  Erolcha (D:9)
  A slime creature (D:10)
  A spriggan (D:7)
  3 yaks (D:9)
  A wraith (D:10)
  2 hungry ghosts
  Menkaure (D:5)
  2 black bears
  An ice beast (D:6)
  2 sky beasts
  3 orc warriors
  4 centaurs
  5 ogres
  2 phantoms
  3 bullfrogs
  6 killer bees (D:7)
  5 scorpions
  5 wights (D:8)
  2 electric eels (D:10)
  4 howler monkeys
  2 crimson imps
  6 jellies
  A bullfrog zombie (D:9)
  4 hounds
  4 orc priests
  3 bullfrog skeletons
  A centaur skeleton (D:4)
  7 orc wizards
  An iguana (D:7)
  4 worker ants
  A hound skeleton (D:4)
  2 worker ant zombies
  8 adders
  A howler monkey skeleton (D:5)
  An ooze (D:2)
  An adder zombie (D:5)
  An adder skeleton (D:8)
  4 worms
  3 leopard geckos
  52 orcs
  8 bats
  3 giant cockroaches
  10 goblins
  8 hobgoblins
  4 jackals (D:4)
  5 quokkas
  7 frilled lizards
  A giant cockroach zombie (D:5)
  5 kobolds
  8 rats
220 creatures vanquished.

Vanquished Creatures (collateral kills)
  A sky beast (D:6)
  A howler monkey (D:6)
  Robin (D:2)
  An orc (D:6)
  A goblin (D:2)
  A hobgoblin (D:2)
6 creatures vanquished.

Vanquished Creatures (others)
  A starspawn tentacle (Abyss:2)
1 creature vanquished.

Grand Total: 227 creatures vanquished

Notes
Turn   | Place    | Note
-------+----------+-------------------------------------------
     0 | D:1      | Goreval the Draconian Transmuter began the quest for the
                  | Orb.
     0 | D:1      | Reached XP level 1. HP: 16/16 MP: 3/3
   352 | D:1      | Reached XP level 2. HP: 23/23 MP: 5/5
   986 | D:2      | Reached XP level 3. HP: 18/28 MP: 4/6
  1196 | D:2      | Found a glowing silver altar of Zin.
  1235 | D:2      | Noticed Robin
  1269 | D:1      | Learned a level 2 spell: Sticks to Snakes
  1273 | D:1      | Learned a level 3 spell: Spider Form
  1597 | D:2      | Killed Robin
  2152 | D:2      | Reached XP level 4. HP: 25/36 MP: 7/7
  2405 | D:2      | Found a radiant altar of Vehumet.
  2609 | D:3      | Found a basalt altar of Yredelemnul.
  2623 | D:3      | Noticed a profane servitor
  2632 | D:3      | Found a glowing golden altar of the Shining One.
  2634 | D:3      | Noticed an angel
  3330 | D:4      | Noticed a five-headed hydra
  3331 | D:4      | Found a transporter.
  3331 | D:4      | Found a shadowy altar of Dithmenos.
  3338 | D:4      | Found a transporter.
  3347 | D:4      | Found a staircase to the Ecumenical Temple.
  3356 | Temple   | Entered the Ecumenical Temple
  3412 | Temple   | Became a worshipper of Warmaster Okawaru
  3483 | D:4      | Reached XP level 5. HP: 41/42 MP: 8/8
  3829 | D:4      | Reached XP level 6. HP: 47/50 MP: 9/9
  3936 | D:4      | Reached * piety under Okawaru
  4193 | D:5      | Entered Level 5 of the Dungeon
  4323 | D:5      | Noticed Menkaure
  4452 | D:5      | Reached skill level 5 in Unarmed Combat
  4454 | D:5      | Noticed a sky beast
  4485 | D:5      | Killed a sky beast
  4766 | D:5      | Found a shimmering blue altar of Sif Muna.
  4842 | D:5      | Found a bloodstained altar of Trog.
  4885 | D:5      | Killed Menkaure
  4885 | D:5      | Reached ** piety under Okawaru
  4885 | D:5      | Reached skill level 5 in Transmutations
  4885 | D:5      | Your scales start taking on a dull iron-grey colour.
  4885 | D:5      | Reached XP level 7. HP: 43/57 MP: 4/10
  4885 | D:5      | Gained mutation: You can survive without breathing. [Grey
                  | Draconian growth]
  5592 | D:5      | Found a stormy altar of Qazlal.
  5952 | D:6      | Found a snail-covered altar of Cheibriados.
  6789 | D:6      | Reached XP level 8. HP: 63/66 MP: 9/11
  6801 | D:6      | Reached *** piety under Okawaru
  6899 | D:6      | Learned a level 5 spell: Blade Hands
  7113 | D:7      | Found a snail-covered altar of Cheibriados.
  7494 | D:7      | Found Jeinias's Antique Armour Shoppe.
  7497 | D:7      | Bought a glowing hat for 147 gold pieces
  8096 | D:7      | Reached XP level 9. HP: 65/71 MP: 12/14
  8820 | D:8      | Found an ornate altar of the Wu Jian Council.
  8871 | D:8      | Reached **** piety under Okawaru
  9047 | D:8      | Found a staircase to the Lair.
  9256 | D:8      | Found Junluocueq's Armour Shoppe.
  9282 | D:8      | Found an ancient bone altar of Kikubaaqudgha.
  9591 | D:9      | Noticed Erolcha
  9594 | D:9      | Found a sparkling altar of Nemelex Xobeh.
  9600 | D:9      | Killed Erolcha
  9600 | D:9      | Reached ***** piety under Okawaru
  9600 | D:9      | Reached skill level 5 in Fighting
  9776 | D:9      | Found a hide-covered altar of Uskayaw.
 10088 | D:9      | Reached skill level 1 in Invocations
 10088 | D:9      | Reached XP level 10. HP: 65/81 MP: 11/16
 10689 | D:10     | Entered Level 10 of the Dungeon
 11126 | D:10     | Found a roughly hewn altar of Beogh.
 11307 | D:10     | Reached skill level 10 in Unarmed Combat
 11424 | D:10     | Found a viscous altar of Jiyva.
 11603 | D:10     | Reached skill level 10 in Transmutations
 11661 | D:10     | Learned a level 2 spell: Swiftness
 11788 | D:10     | Cast into level 2 of the Abyss (orc warrior)
 11810 | Abyss:2  | Noticed a tentacled starspawn
 11831 | Abyss:3  | Noticed a smoke demon
 11846 | Abyss:3  | Noticed a smoke demon
 11883 | Abyss:3  | Mangled by a raiju

Levels and vault maps discovered:
D:1:      matt_arrival_spirals, layout_loops_ring
D:2:      layout_rooms, marbit_many_paths, lemuel_coloured_pillars_altar,
          minivault_14, uniq_robin
D:3:      layout_basic, grunt_temple_overflow_holy_war, first_ration,
          lemuel_old_faithful
D:4:      layout_loops_ring, gammafunk_temple_overflow_arena,
          minmay_temple_entry_butterflies, chequers_serial_rivers_micro_a,
          minmay_misc_feat_enclosed, minmay_increasing_density
D:5:      layout_basic, bloody_trog, kennysheep_mini, grunt_qazlal_clouds,
          uniq_menkaure
D:6:      layout_gridville, old_standard_altar, minivault_26
D:7:      layout_basic, serial_shops, nicolae_shop_behind_doors, basic_altar,
          the_bakery
D:8:      layout_loops_cross, kennysheep_little_box, overflow_temple_1_default,
          lair_entry_dummy, serial_shops, shop
D:9:      layout_loops_ring, nemelex_xobeh_ov_fountains_minmay,
          nicolae_overflow_crystal_walls, glass_columns_b, uniq_erolcha
D:10:     layout_roguey [special_room_orc], erik_orc_2, jiyva_altar_1
Temple:   zaba_magenta_temple
Abyss:3:  base: D:8, evilmike_abyss_exit_10, hangedman_abyss_rune_macabre_mess

Skill      XL: |  1  2  3  4  5  6  7  8  9 10 |
---------------+-------------------------------+-----
Dodging        | 2 3 4 |  4.3
Transmutations | 3 4 5 6 7 9 10 | 10.0
Fighting       | 2 3 4 5 |  5.1
Unarmed Combat | 4 5 6 8 9 10 | 10.3
Spellcasting   | 3 4 |  4.0
Invocations    | 1 3 |  3.0
Charms         | |  0.1

Action                   |  1- 3 |  4- 6 |  7- 9 | 10-12 || total
-------------------------+-------+-------+-------+-------++-------
Melee: Unarmed           |   164 |   159 |   340 |   164 ||   827
       Kick              |     5 |     4 |    11 |       ||    20
       Tailslap          |    16 |    21 |    33 |    21 ||    91
       Punch             |     1 |     5 |     6 |     3 ||    15
       Headbutt          |     1 |     3 |     8 |       ||    12
Throw: Stone             |    47 |    23 |    57 |       ||   127
 Cast: Beastly Appendage |     7 |     4 |    10 |       ||    21
       Sticks to Snakes  |     2 |     5 |    17 |     8 ||    32
       Spider Form       |       |     1 |     1 |     2 ||     4
       Blade Hands       |       |       |     8 |    11 ||    19
Invok: Heroism           |       |       |     1 |       ||     1
Evoke: Wand              |       |       |     1 |     1 ||     2
  Use: Scroll            |       |    10 |     5 |     2 ||    17
       Potion            |       |     1 |       |     3 ||     4
 Stab: Distracted        |     2 |       |       |       ||     2
       Sleeping          |     1 |       |     1 |     2 ||     4
  Eat: Chunk             |     4 |     9 |    13 |     6 ||    32
       Ration            |       |       |     3 |     1 ||     4
Armor: Skin              |    57 |    33 |   109 |    59 ||   258
Dodge: Dodged            |   112 |    83 |   175 |    82 ||   452
